[Event "German Bundesliga 2022-23"]
[Site "Germany"]
[Date "2022.10.23"]
[Round "2.5"]
[White "Kovacevic, Aleksandar"]
[Black "Beerdsen, Thomas"]
[Result "1/2-1/2"]
[ECO "B51"]
[WhiteElo "2471"]
[BlackElo "2521"]
[Annotator "TA"]
[PlyCount "66"]
[EventDate "2022.10.21"]
[EventType "team-tourn"]
[EventCountry "GER"]
[SourceTitle "playchess.com"]
[Source "ChessBase"]
[SourceQuality "1"]
[TimeControl "40/6000+30:3000+30"]

1. e4 c5 2. Nf3 d6 3. Bb5+ Nd7 4. d4 cxd4 5. Qxd4 a6 6. Bxd7+ Bxd7 7. c4 {[%emt 0:01:47] B51: Sicilian: Moscow Variation (3 Bb5+) without 3...Bd7.} Nf6 8. Nc3 g6 9. O-O Bg7 10. h3 O-O 11. Qd3 b5 12. Be3 Qb8 13. Nd2 {[%emt 0:11:38] [#]} Rc8 $146 ({Predecessor:} 13... Bc6 14. Rfc1 Qb7 15. f3 Nd7 16. Rc2 Rfc8 17. Rac1 Nc5 18. Qe2 b4 19. Nd5 e6 {½-½ (48) Piesik,P (2353)-Sadzikowski,D (2576) Poland 2018}) 14. Rfc1 Qb7 (14... b4 $5 15. Ne2 a5 $11) 15. Bd4 Bc6 16. b3 bxc4 17. bxc4 e6 18. Rab1 Qe7 19. Qe3 $1 Qf8 20. Rd1 e5 (20... Bh6 {keeps more tension.} 21. Qg3 Nd7 22. Be3 Bg7) 21. Bb6 Nh5 22. Nf3 Rab8 {[%emt 0:03:04] The position is equal.} 23. c5 dxc5 24. Bxc5 Qe8 25. Rxb8 Rxb8 26. Bd6 Rc8 27. Nd5 Bxd5 28. Rxd5 Nf4 29. Rc5 Rd8 30. Bxe5 Nd3 31. Bc7 Nxc5 32. Bxd8 Nxe4 33. Bb6 Qc6 {[%emt 0:01:07] Weighted Error Value: White=0.06 (flawless) /Black=0.06 (flawless)} 1/2-1/2

[Event "German Bundesliga 2022-23"]
[Site "Germany"]
[Date "2022.10.23"]
[Round "2.5"]
[White "Kramer, Julian"]
[Black "Kasimdzhanov, Rustam"]
[Result "0-1"]
[ECO "B82"]
[WhiteElo "2467"]
[BlackElo "2670"]
[Annotator "RC"]
[PlyCount "70"]
[EventDate "2022.10.21"]
[EventType "team-tourn"]
[EventCountry "GER"]
[SourceTitle "playchess.com"]
[Source "ChessBase"]
[SourceQuality "1"]
[TimeControl "40/6000+30:3000+30"]

1. e4 c5 2. Nf3 d6 3. d4 cxd4 4. Nxd4 Nf6 5. Nc3 a6 6. a4 e6 7. f4 Nc6 8. Be3 Qc7 9. Nxc6 bxc6 10. Qf3 Rb8 11. O-O-O d5 12. Bd4 Rb4 13. b3 Be7 14. exd5 cxd5 15. Na2 Rxd4 16. Rxd4 O-O 17. Qc3 Qa7 18. Be2 Ne4 19. Qe3 Bc5 20. Rhd1 Bd7 21. Nc3 Nd6 22. g4 Rc8 23. Kb2 Qb6 24. h3 h6 25. Bf1 Nb7 26. f5 Na5 27. fxe6 fxe6 28. Qd3 Nc6 29. Rf4 Nb4 30. Qf3 Bd6 31. Rdd4 a5 32. Bd3 Qc5 33. Bg6 Nc6 34. Rf7 Qxd4 35. Rxd7 Ne5 0-1

[Event "German Bundesliga 2022-23"]
[Site "Germany"]
[Date "2022.10.23"]
[Round "2.6"]
[White "Bacrot, Etienne"]
[Black "Sebastian, Dirk"]
[Result "1-0"]
[ECO "A57"]
[WhiteElo "2646"]
[BlackElo "2435"]
[Annotator "RC"]
[PlyCount "47"]
[EventDate "2022.10.21"]
[EventType "team-tourn"]
[EventCountry "GER"]
[SourceTitle "playchess.com"]
[Source "ChessBase"]
[SourceQuality "1"]
[TimeControl "40/6000+30:3000+30"]

1. d4 Nf6 2. c4 c5 3. d5 b5 4. cxb5 a6 5. e3 axb5 6. Bxb5 Qa5+ 7. Nc3 Bb7 8. Bd2 Qb6 9. Nf3 Nxd5 10. a4 e6 11. O-O Be7 12. e4 Nb4 13. Bf4 Qd8 14. Qd2 O-O 15. Rad1 d5 16. exd5 exd5 17. Rfe1 Bf6 18. Qc1 Qb6 19. Ne5 c4 20. Be3 Qc7 21. Ng4 Be7 22. Bd4 f5 23. Qe3 fxg4 24. Qxe7 1-0

[Event "German Bundesliga 2022-23"]
[Site "Germany"]
[Date "2022.10.23"]
[Round "2.6"]
[White "Vrolijk, Liam"]
[Black "Palac, Mladen"]
[Result "1-0"]
[ECO "A06"]
[WhiteElo "2483"]
[BlackElo "2516"]
[Annotator "TA"]
[PlyCount "171"]
[EventDate "2022.10.21"]
[EventType "team-tourn"]
[EventCountry "GER"]
[SourceTitle "playchess.com"]
[Source "ChessBase"]
[SourceQuality "1"]
[TimeControl "40/6000+30:3000+30"]

1. Nf3 d5 2. e3 Nf6 3. c4 e6 4. Nc3 b6 5. cxd5 exd5 6. g3 Bb7 7. Bg2 Nbd7 8. O-O Bd6 9. b3 O-O 10. Bb2 Re8 11. Rc1 a6 12. Re1 Ne5 13. Nxe5 Bxe5 14. Qc2 Rc8 15. Ne2 Bd6 16. Nf4 c6 17. Qf5 Nd7 (17... Ne4 $11 {remains equal.}) 18. Nh5 Be5 19. Bxe5 Rxe5 20. Qg4 Rg5 21. Qe2 g6 22. Nf4 Re5 23. b4 Nf6 24. d3 ({White should try} 24. d4 $16 Re7 25. a4) 24... d4 $14 25. Qb2 dxe3 (25... g5 26. Nh3 $16 (26. Ne2 dxe3 27. fxe3 Qd6 $16)) 26. Rxe3 (26. Qxe5 Ng4 27. Qb2 exf2+ 28. Kh1 fxe1=N 29. Rxe1 Rc7 $17) 26... Rxe3 27. fxe3 Qe7 28. e4 g5 29. Ne2 c5 30. bxc5 bxc5 31. Rf1 Ng4 32. Bh3 h5 33. Bxg4 hxg4 34. Nc3 (34. Rf5 $5 Rc6 35. Nc3 $16) 34... Rd8 35. Qb3 Rd4 36. Rf5 c4 (36... Rxd3 37. Nd5 Bxd5 38. Qxd3 $14) 37. Qb6 Rd6 $1 (37... Rxd3 $2 38. Qh6 $1 Rd6 39. Rxg5+ Rg6 40. Rxg6+ fxg6 41. Qxg6+ Qg7 42. Qe6+ Kh8 43. Qxc4 $18) 38. Qc5 cxd3 39. Re5 Qf6 40. Rxg5+ Kh8 41. Rf5 Qd4+ 42. Qxd4+ Rxd4 43. Rxf7 Bxe4 (43... Bc6 $1 $15 44. Kf2 Rc4) 44. Rf4 d2 45. Kf2 Rd3 $1 46. Rxe4 Rxc3 47. Ke2 Ra3 $1 48. Rxg4 Rxa2 49. h3 a5 50. Rd4 Ra3 51. Rh4+ Kg7 52. Rg4+ Kh6 53. Kxd2 a4 54. h4 Rb3 55. Ke2 a3 56. Kf2 Rb2+ (56... a2 $5 57. Ra4 $8 Rb2+ 58. Kf3 Kg6 $16) 57. Kf3 a2 58. Ra4 Rb3+ 59. Kg2 Rb2+ 60. Kh3 (60. Kf3 $6 Kh5 61. Ra5+ Kh6 $16) 60... Kg6 61. Ra5 Rc2 62. h5+ (62. Kg4 $6 Kh7 63. Ra7+ Kg6 64. Ra6+ Kg7 $16) 62... Kh6 63. Kh4 Rh2+ 64. Kg4 Rb2 65. Ra6+ Kg7 66. Kg5 Rb5+ 67. Kh4 Rb4+ $2 (67... Rb2 $11) 68. g4 $1 ({Not} 68. Kg5 Rb5+ 69. Kg4 Rb2 $14) 68... Rb2 69. h6+ $1 Kh7 {[%emt 0:00:41] [#]} 70. Kh5 $1 ({Worse is} 70. Kg5 Rb5+ 71. Kh4 (71. Kf4 Rb4+ 72. Kg5 Rb5+ 73. Kh4 Rb6 $11) 71... Rb6 72. Ra7+ Kxh6 $11) 70... Rh2+ $2 (70... Rc2 $11 71. Ra7+ Kg8) 71. Kg5 Rb2 72. Ra7+ Kg8 73. Kh5 Rb5+ 74. g5 Rb2 75. g6 Rh2+ 76. Kg5 Rg2+ {[%emt 0:00:07] [#]} 77. Kf5 $2 (77. Kf6 $1 {mates} Rf2+ 78. Ke5 Re2+ 79. Kf6 Rf2+ 80. Kg5 Rg2+ 81. Kf5 Rf2+ 82. Ke4) 77... Rf2+ $2 (77... a1=R $11 78. Rxa1 Rf2+ 79. Kg5 Rg2+ 80. Kf5 Rf2+ 81. Ke4 Re2+ 82. Kf3 Re8) 78. Ke4 Re2+ 79. Kf3 Re8 80. Rxa2 Rd8 81. Kg4 Rf8 82. Kg5 Rb8 83. Rf2 Ra8 84. g7 Rb8 85. Rf8+ Rxf8 86. Kg6 1-0

[Event "German Bundesliga 2022-23"]
[Site "Germany"]
[Date "2022.10.23"]
[Round "2.6"]
[White "Boensch, Uwe"]
[Black "Bezold, Michael"]
[Result "1/2-1/2"]
[ECO "A41"]
[WhiteElo "2466"]
[BlackElo "2481"]
[Annotator "TA"]
[PlyCount "91"]
[EventDate "2022.10.21"]
[EventType "team-tourn"]
[EventCountry "GER"]
[SourceTitle "playchess.com"]
[Source "ChessBase"]
[SourceQuality "1"]
[TimeControl "40/6000+30:3000+30"]

1. d4 d6 2. Nf3 Bg4 3. c4 Nd7 4. g3 Bxf3 5. exf3 e5 6. Bg2 {[%emt 0:01:07] A41: 1 d4 d6: Tartakower System and Modern Defence.} Ngf6 7. O-O Be7 8. f4 {[%emt 0:06:55] White is better.} c6 9. Nc3 {[%emt 0:08:38] [#]} O-O $146 ({Predecessor:} 9... exd4 10. Qxd4 O-O 11. b3 Re8 12. Bb2 Bf8 13. Rad1 Qb6 14. Qd2 Nc5 15. Qc2 Nfd7 {1-0 (46) Nogueiras Santiago,J (2510)-Larochelle,M North Bay 1998}) 10. Be3 Re8 11. fxe5 dxe5 12. d5 Qc7 13. Rc1 a5 14. a3 Rac8 15. Re1 h6 16. h3 Bf8 17. Re2 Red8 18. Rd2 cxd5 19. Nxd5 Nxd5 20. Rxd5 (20. Bxd5 {is more complex.} Bc5 21. Qh5 Bxe3 22. Qxf7+ Kh8 23. fxe3 e4 24. Be6) 20... Nb6 (20... Bc5 $142) 21. Rxd8 $16 {[%emt 0:03:42] White is more active.} Rxd8 22. Qf3 Rd7 (22... Nxc4 $2 23. a4 $18 (23. Qxb7 Qxb7 24. Bxb7 Nxb2 $15)) 23. c5 (23. Qg4 $16 {Strongly threatening Bxb6.} Rd8 24. c5) 23... Nd5 $14 24. Rd1 Nxe3 25. Rxd7 Qxd7 26. Qxe3 $11 {[%emt 0:00:06][%mdl 4096] Endgame KQB-KQB} Qd1+ 27. Kh2 Qd4 {[%emt 0:00:33] Against b4} 28. Qxd4 exd4 $14 {[%emt 0:00:09] KB-KB} 29. b4 axb4 30. axb4 b6 31. c6 {[%emt 0:01:07] [#] Intending c7 and mate.} Bd6 32. Bf1 Kf8 33. Kg2 Ke7 34. b5 f5 35. Kf3 Kf6 36. Ke2 g5 37. Kd3 Ke5 38. Bg2 Bc7 39. Bf3 Bb8 40. Kc4 Bc7 41. Bd1 Bb8 42. Bc2 Bc7 43. Kd3 (43. Bd3 $14) 43... Bb8 (43... Kd5 $11) 44. Bb3 {[%emt 0:00:00] White is slightly better.} Bc7 45. Bg8 Bb8 46. Bc4 {[%emt 0:00:00] Weighted Error Value: White=0.09 (flawless) /Black=0.08 (flawless)} 1/2-1/2

[Event "German Bundesliga 2022-23"]
[Site "Germany"]
[Date "2022.10.23"]
[Round "2.6"]
[White "Cioara, Andrei-Nestor"]
[Black "Costa, Leonardo"]
[Result "1-0"]
[ECO "E06"]
[WhiteElo "2407"]
[BlackElo "2350"]
[Annotator "TA"]
[PlyCount "129"]
[EventDate "2022.10.21"]
[EventType "team-tourn"]
[EventCountry "GER"]
[SourceTitle "playchess.com"]
[Source "ChessBase"]
[SourceQuality "1"]
[TimeControl "40/6000+30:3000+30"]

1. d4 d5 2. c4 e6 3. Nf3 Nf6 4. g3 Be7 5. Bg2 O-O 6. O-O c6 7. Nbd2 b6 8. Qc2 Bb7 9. e4 Na6 10. e5 Nd7 11. a3 {[%emt 0:02:06] E06: Closed Catalan: Early deviations.} c5 12. dxc5 Naxc5 ({Black should try} 12... bxc5 $11 13. Re1 Nc7) 13. b4 $14 {[%emt 0:00:13] White is slightly better.} Ne4 14. Bb2 Nxd2 15. Nxd2 {[%emt 0:02:55] [#]} Rc8 $146 ({Predecessor:} 15... Qc7 16. Rfc1 Rac8 17. Qa4 Bc6 18. Qb3 d4 19. Bxc6 Qxc6 20. Bxd4 Rfd8 21. Qe3 a5 {1-0 (53) Gledura,B (2621)-Lenderman,A (2626) Saint Louis 2018}) 16. Qd1 Nb8 17. Qg4 a5 18. Rfd1 axb4 (18... Rc7 $14) 19. axb4 $16 Bxb4 (19... Rc7 $16 {keeps fighting.}) 20. cxd5 $18 Bxd2 21. Rxd2 {[%emt 0:00:12] Ra7 is the strong threat.} Bxd5 22. Bxd5 {[%emt 0:11:25] This bishop pair is nice.} Qd7 {[%emt 0:00:08][%mdl 64] [#] Prevents Ra7. Pin} 23. Ra4 $1 Rcd8 {[%emt 0:19:49] [#]} 24. Rb4 $1 exd5 {[%emt 0:06:01] [#]} (24... b5 25. Rd3) 25. Qxg7+ $3 {[%emt 0:00:16][%mdl 576] Decoy} Kxg7 26. e6+ $1 {[%emt 0:00:04][%mdl 64] Discovered Attack} f6 27. exd7 {[%emt 0:00:19] White has more active pieces.} Nxd7 28. Rxd5 Ne5 {[%emt 0:01:03] Against Rg4+} 29. Rxd8 Rxd8 30. Rxb6 (30. Bxe5 $142 fxe5 31. Rxb6) 30... Rd2 (30... Rd5 $16 31. Kf1 Kg6) 31. Bxe5 fxe5 {[%emt 0:00:04][%mdl 4096] Endgame KR-KR} (31... Rd1+ 32. Kg2 fxe5) 32. Kg2 (32. Rb7+ $142 Kg6 33. h4) 32... Ra2 $2 (32... Rd1 {was necessary.} 33. h4 Rd5 34. Rb7+ Kg6) 33. h4 h6 $2 (33... Ra5 34. Kf3 h5) 34. h5 Rc2 35. Rg6+ Kh7 36. Re6 Rc5 37. Re7+ Kg8 38. g4 Ra5 39. f3 Ra2+ 40. Kg3 $2 (40. Kf1 $18 Kf8 41. Rxe5) 40... Re2 $16 41. Ra7 {[%emt 0:05:10] Hoping for Ra4.} Rb2 $2 (41... e4 $16) 42. Ra1 Kg7 43. Rf1 $2 (43. Ra6 $18 {has better winning chances.} Rd2 44. Re6) 43... Kf6 $2 (43... Re2 $16 44. Ra1 e4 45. Ra7+ Kh8) 44. Rf2 Rb3 45. Re2 Ra3 46. Kf2 Rb3 47. Kg2 Ra3 48. Rb2 $2 (48. Re4 $18 Ra1 49. Re2) 48... Kg5 $2 (48... e4 $16) 49. Re2 $2 (49. Rb5 $1 Kf4 50. Rb4+ Kg5 51. Kg3) 49... Kf6 $18 50. Rb2 $2 (50. Kg3) 50... Kg5 {[%emt 0:00:42][%cal Oe5e4] [#]} 51. Rb5 $1 {[%emt 0:01:18] aiming for Kg3.} Ra2+ 52. Kg3 {[%emt 0:00:21] Rb6 would kill now.} Kf6 53. Rb7 Ra3 54. Rb6+ Kg7 55. Re6 Ra5 56. Kf2 $2 (56. Re7+ $18 {is more deadly.} Kf8 57. Re6) 56... Rb5 $2 (56... Ra2+ $16 57. Ke3 Ra3+ 58. Ke4 Rb3 59. Rxe5 Kf6) 57. Ke3 Ra5 58. Ke4 Ra4+ 59. Kxe5 {[%emt 0:00:08] White threatens Kf5 and mate.} Ra3 {[%emt 0:00:03] White is clearly winning.} 60. f4 {[%emt 0:00:29] Threatening mate with Rg6+.} Ra5+ 61. Ke4 Ra4+ 62. Kf5 Ra5+ {[%emt 0:00:06] [#]} 63. Re5 $1 Ra7 64. g5 Ra8 65. Ke4 {[%emt 0:00:18] Weighted Error Value: White=1.16/Black=0.54} (65. Re7+ $142 Kf8 66. Re6 hxg5 67. fxg5) 1-0

[Event "German Bundesliga 2022-23"]
[Site "Germany"]
[Date "2022.10.23"]
[Round "2.7"]
[White "Zelcic, Robert"]
[Black "Buckels, Valentin"]
[Result "1-0"]
[ECO "C47"]
[WhiteElo "2495"]
[BlackElo "2456"]
[Annotator "TA"]
[PlyCount "61"]
[EventDate "2022.10.21"]
[EventType "team-tourn"]
[EventCountry "GER"]
[SourceTitle "playchess.com"]
[Source "ChessBase"]
[SourceQuality "1"]
[TimeControl "40/6000+30:3000+30"]

1. e4 e5 2. Nf3 Nc6 3. Nc3 Nf6 4. d4 exd4 5. Nxd4 Bb4 6. Nxc6 bxc6 7. Bd3 d5 8. exd5 O-O {[%emt 0:00:35] is now debated instead of 8...cxd5.} 9. O-O cxd5 10. h3 {[%emt 0:00:05] C47: Scotch Four Knights and Four Knights with 4 g3.} Be6 11. Qf3 c5 12. Rd1 {[%emt 0:02:50] The position is equal.} Qe7 {[%emt 0:02:59] [#]} 13. a3 $146 ({Predecessor:} 13. Bg5 Bxc3 14. bxc3 h6 15. Be3 Rab8 16. Rab1 c4 17. Bf5 Bxf5 18. Qxf5 Qe6 19. Qf4 Rxb1 20. Rxb1 {1-0 (37) Xiong,J (2688)-Svane,R (2649) Chess.com INT 2022}) 13... Bxc3 14. bxc3 c4 15. Bf1 Ne4 16. Bxc4 Nxc3 (16... Nxf2 $5 17. Qxf2 dxc4 $11) 17. Qxc3 dxc4 18. Be3 Rfd8 19. Rd4 Rd7 20. Rad1 Rad8 21. Qa5 h6 22. c3 Rxd4 23. Rxd4 Rb8 24. a4 (24. Qe5 {is more complex.} Rb1+ 25. Kh2 f6 26. Qe4) 24... Rb3 25. Rd1 Qf6 26. Qxa7 Qg6 ({Black should try} 26... Kh7 $14) 27. Rd8+ $18 Kh7 {[%emt 0:00:01] [#]} 28. Qa8 $1 {[%emt 0:00:09][%csl Ga8][%cal Rd8h8] Active counter play!} Qb1+ $2 (28... Qf5 29. Rh8+ Kg6) 29. Kh2 {[%emt 0:00:04] Hoping for Rh8+.} Rxc3 30. Rh8+ Kg6 31. Qg8 {[%emt 0:00:28] Weighted Error Value: White=0.03 (flawless) /Black=0.19 (very precise)} 1-0

[Event "German Bundesliga 2022-23"]
[Site "Germany"]
[Date "2022.10.23"]
[Round "2.7"]
[White "Yankelevich, Lev"]
[Black "Petrisor, Adrian-Marian"]
[Result "1/2-1/2"]
[ECO "D02"]
[WhiteElo "2484"]
[BlackElo "2404"]
[Annotator "TA"]
[PlyCount "43"]
[EventDate "2022.10.21"]
[EventType "team-tourn"]
[EventCountry "GER"]
[SourceTitle "playchess.com"]
[Source "ChessBase"]
[SourceQuality "1"]
[TimeControl "40/6000+30:3000+30"]

1. Nf3 d5 2. d4 e6 3. g3 Nf6 4. Bg2 b5 5. O-O Nbd7 6. a4 b4 7. c4 {[%emt 0:00:02] D02: 1 d4 d5 2 Nf3 sidelines, including 2...Nf6 3 g3 and 2...Nf6 3 Bf4.} bxc3 8. Nxc3 {[%emt 0:00:04] 8.Nxc3 is better than 8.bxc3.} Ba6 9. Bf4 Nh5 (9... c6 $11 {remains equal.}) 10. Bd2 (10. Bg5 $5 Qb8 11. Qc2 $14) 10... Nhf6 {[%emt 0:05:46] [#]} 11. Re1 $146 ({Predecessor:} 11. Qc2 c5 12. Nb5 Be7 13. Bf4 Bxb5 14. axb5 Qb6 15. dxc5 Bxc5 16. b4 Bxb4 17. Rfb1 {0-1 (23) Korchmar,V (2405)-Lugovskoy,M (2489) Taganrog 2016}) 11... Be7 12. Qc2 (12. e4 {is more complex.} Nxe4 13. Nxe4 dxe4 14. Ne5) 12... O-O 13. e4 Nxe4 14. Nxe4 dxe4 15. Rxe4 Bb7 16. Ree1 c5 {[%emt 0:08:22] [#]} (16... Rb8 $11) 17. Bc3 (17. Ng5 $1 $14 Bxg5 18. Bxg5 (18. Bxb7 Bxd2 19. Qxd2 Rb8 $15) 18... Qxg5 19. Bxb7 (19. h4 Qf6 $15)) 17... cxd4 $11 {[%emt 0:03:12] The position is equal.} 18. Nxd4 Bxg2 19. Kxg2 Rc8 {[%emt 0:06:02] Inhibits Nc6.} 20. Rad1 Bb4 21. Nb5 Bxc3 22. Nxc3 {[%emt 0:00:54] Weighted Error Value: White=0.16 (very precise) /Black=0.13 (very precise)} 1/2-1/2

[Event "German Bundesliga 2022-23"]
[Site "Germany"]
[Date "2022.10.23"]
[Round "2.7"]
[White "Kurmann, Oliver"]
[Black "Wong, Gengchun"]
[Result "1-0"]
[ECO "B81"]
[WhiteElo "2452"]
[BlackElo "2195"]
[Annotator "TA"]
[PlyCount "69"]
[EventDate "2022.10.21"]
[EventType "team-tourn"]
[EventCountry "GER"]
[SourceTitle "playchess.com"]
[Source "ChessBase"]
[SourceQuality "1"]
[TimeControl "40/6000+30:3000+30"]

1. e4 c5 2. Nf3 d6 3. d4 cxd4 4. Nxd4 Nf6 5. Nc3 a6 6. Be3 e6 7. g4 e5 $1 8. Nf5 {[%emt 0:00:11] B81: Sicilian Scheveningen: Keres Attack.} h5 (8... g6 $15 9. Nh6 Bxh6 10. Bxh6 Nxg4) 9. g5 $11 Nxe4 10. Nxg7+ $1 {[%emt 0:00:10] The position is equal.} Bxg7 11. Nxe4 d5 12. Ng3 d4 $1 ({Much less strong is} 12... Bg4 13. Be2 $14) 13. Bd2 $36 {[%emt 0:00:40][%mdl 2048] White has the initiative.} Qd5 14. c4 Qc6 {[%emt 0:01:40] Strongly threatening ...h4.} 15. Bd3 {[%emt 0:05:01] Be4 is the strong threat.} Bg4 16. Qc2 Nd7 17. Be4 Qc7 18. Nf5 Bxf5 19. Bxf5 {[%emt 0:00:01] [#]} Nc5 $146 ({Predecessor:} 19... O-O-O 20. O-O-O Kb8 21. b4 Nb6 22. c5 Nd5 23. Kb1 Rhe8 24. f3 e4 25. Bxe4 Ne3 {½-½ (47) Fischer,D (2123)-Heinemann,J (2270) Basel 2018}) 20. b4 ({White should try} 20. O-O $16) 20... d3 21. Bxd3 e4 (21... Nxd3+ $11 {remains equal.} 22. Qxd3 Rd8) 22. Bxe4 $16 {[%emt 0:00:02] aiming for 0-0-0.} Bxa1 (22... Qe5 $16) 23. bxc5 $18 O-O-O $2 {[%emt 0:10:40] [#]} (23... Bg7 24. O-O Rd8) 24. O-O $1 Be5 25. Rb1 Qxc5 (25... Rxd2 $142 26. Qxd2 Qxc5 27. Bxb7+ Kc7) 26. Bxb7+ Kc7 27. Bb4 {[%emt 0:01:29] A strong pair of Bishops.} Bxh2+ 28. Kxh2 Qe5+ 29. Kh1 {[%emt 0:05:31][%cal Oc2a4] Threatening mate with Qa4!} Rd4 30. Qc3 Rg8 31. Ba5+ Kd7 32. Qh3+ Qe6 {[%emt 0:00:18] [#]} 33. Bg2 (33. Bc6+ $142 $1 Kxc6 34. Rb6+ Kc5 35. Rxe6 fxe6 36. Qe3) 33... Rc8 34. Rb7+ Ke8 35. Qxh5 {[%emt 0:00:17] Weighted Error Value: White=1.03/Black=0.55} 1-0

[Event "German Bundesliga 2022-23"]
[Site "Germany"]
[Date "2022.10.23"]
[Round "2.7"]
[White "Meissner, Felix"]
[Black "Donchenko, Alexander"]
[Result "1/2-1/2"]
[ECO "B13"]
[WhiteElo "2369"]
[BlackElo "2646"]
[Annotator "RC"]
[PlyCount "111"]
[EventDate "2022.10.21"]
[EventType "team-tourn"]
[EventCountry "GER"]
[SourceTitle "playchess.com"]
[Source "ChessBase"]
[SourceQuality "1"]
[TimeControl "40/6000+30:3000+30"]

1. e4 c6 2. d4 d5 3. exd5 cxd5 4. Bd3 Nf6 5. h3 Nc6 6. c3 e5 7. dxe5 Nxe5 8. Nf3 Nxd3+ 9. Qxd3 Bd6 10. O-O O-O 11. Bg5 h6 12. Bh4 g5 13. Bg3 Bxg3 14. fxg3 g4 15. hxg4 Nxg4 16. Nbd2 Qb6+ 17. Qd4 Qxb2 18. Rab1 Qa3 19. Nh2 Nxh2 20. Kxh2 Re8 21. Qxd5 Be6 22. Qh5 Qxc3 23. Ne4 Qg7 24. Nf6+ Kh8 25. Nxe8 Rxe8 26. Rxb7 Bxa2 27. Rxa7 Be6 28. Qh4 Qg5 29. Qd4+ Kg8 30. Rf4 Rd8 31. Qf6 Qxf6 32. Rxf6 Rd2 33. Rxh6 Bd5 34. Rd6 Rxg2+ 35. Kh3 Ra2 36. Rxa2 Bxa2 37. Kh4 Kg7 38. Kg5 Be6 39. Kf4 Kf6 40. Rb6 Kg6 41. Rb8 Kf6 42. Rg8 Ke7 43. Rh8 f6 44. Rh7+ Kf8 45. Ra7 Ke8 46. Ke4 Kf8 47. Kd4 Ke8 48. Kc5 Kf8 49. Kd6 Bb3 50. Rc7 Ba2 51. g4 Bb3 52. Rc3 Bd1 53. Rg3 Kf7 54. Rg1 Be2 55. g5 fxg5 56. Rxg5 1/2-1/2

[Event "German Bundesliga 2022-23"]
[Site "Germany"]
[Date "2022.10.23"]
[Round "2.8"]
[White "Movsesian, Sergei"]
[Black "Bracker, Frank"]
[Result "1-0"]
[ECO "B48"]
[WhiteElo "2619"]
[BlackElo "2372"]
[Annotator "ChessBase"]
[PlyCount "51"]
[EventDate "2022.10.21"]
[EventType "team-tourn"]
[EventCountry "GER"]
[SourceTitle "playchess.com"]
[Source "ChessBase"]
[SourceQuality "1"]
[TimeControl "40/6000+30:3000+30"]

1. e4 c5 2. Nc3 Nc6 3. Nge2 e6 4. d4 cxd4 5. Nxd4 Qc7 6. Be3 a6 7. a3 b5 8. Nxc6 Qxc6 9. h4 Bb7 10. h5 Rc8 11. Bd4 h6 12. Rh3 Nf6 13. e5 Ne4 14. Qg4 Rg8 15. Re3 Nxc3 16. Rxc3 Qd5 17. Rxc8+ Bxc8 18. Be2 Bc5 19. Bc3 Qb7 20. Bd3 Qb6 21. O-O-O Bxf2 22. Kb1 Bb7 23. Bh7 Rf8 24. Qxg7 Bc5 25. Qxh6 a5 26. Qd2 1-0

[Event "German Bundesliga 2022-23"]
[Site "Germany"]
[Date "2022.10.23"]
[Round "2.8"]
[White "Hausrath, Daniel"]
[Black "Zaja, Ivan"]
[Result "1/2-1/2"]
[ECO "A05"]
[WhiteElo "2465"]
[BlackElo "2417"]
[Annotator "TA"]
[PlyCount "59"]
[EventDate "2022.10.21"]
[EventType "team-tourn"]
[EventCountry "GER"]
[SourceTitle "playchess.com"]
[Source "ChessBase"]
[SourceQuality "1"]
[TimeControl "40/6000+30:3000+30"]

1. Nf3 Nf6 2. g3 b6 3. Bg2 Bb7 4. O-O e6 5. c4 Be7 6. d4 O-O 7. Re1 c5 8. d5 {[%emt 0:02:30] E17: Queen's Indian: 4 g3 Bb7 5 Bg2 Be7.} exd5 9. Nh4 Ne4 {[%emt 0:00:08] [#] aiming for ...f5.} 10. cxd5 {[%emt 0:00:36] White is slightly better.} Bxh4 11. Bxe4 Bf6 12. Qc2 {[%emt 0:04:11] has lost popularity (12.Nc3).} h6 13. Bf4 d6 14. Na3 Bg5 15. Bxg5 Qxg5 (15... hxg5 $11 16. Bg2 a6) 16. Nc4 {[%emt 0:01:08] [#]} Qe7 $146 ({Predecessor:} 16... Qf6 17. Bg2 Ba6 18. b3 Nd7 19. f4 Bxc4 20. bxc4 b5 21. cxb5 a6 22. b6 Rfb8 {1-0 (37) Sargissian,G (2691)-Iturrizaga Bonelli,E (2660) Linares 2014}) 17. Bg2 Ba6 18. Ne3 Bc8 19. Qc3 Re8 20. a3 Nd7 21. Nf5 {[%emt 0:02:44][%csl Gf5,LRe7,LRg7][%cal Rc3g7] [#]} Qf8 22. e4 g6 23. Ne3 Ba6 24. f4 Qg7 25. Qc2 {[%emt 0:00:36] Hoping for Qa4.} c4 26. Qc3 Nc5 27. Ng4 ({White should play} 27. e5 $1 $14) 27... Qxc3 $11 28. bxc3 Kg7 {[%emt 0:00:07] Prevents Nf6.} 29. Re3 (29. e5 $5 ) 29... h5 30. Nf2 {[%emt 0:00:24] Weighted Error Value: White=0.14 (very precise) /Black=0.08 (flawless)} 1/2-1/2